 Dungeon Sprint DCSS version 0.18-a0-1800-gdc7a371 (webtiles) character file.

35 Moloch the Firebug (level 3, -1/19 HPs)
             Began as a Deep Elf Fire Elementalist on Apr 24, 2016.
             Slain by a water elemental (20 damage)
             ... in the Dungeon (Sprint III: "The Ten Rune Challenge").
             The game lasted 00:01:21 (196 turns).

Moloch the Firebug (Deep Elf Fire Elementalist)      Turns: 196, Time: 00:01:21

Health: -1/19      AC:  2    Str:  5    XL:     3   Next: 16%
Magic:  6/11       EV: 13    Int: 20    God:
Gold:   35         SH:  0    Dex: 15    Spells: 2 memorised, 7 levels left

rFire  . . .     SeeInvis .     (no weapon)
rCold  . . .     Gourm    .     a - +0 robe
rNeg   . . .     Faith    .     (no shield)
rPois  .         Spirit   .     (no helmet)
rElec  .         Dismiss  .     (no cloak)
rCorr  .         Reflect  .     (no gloves)
SustAt .         Harm     .     (no boots)
MR     .....     NoTele   +     (no amulet)
Stlth  ++........               (no ring)
                                (no ring)

@: very slightly contaminated, not resistant to hostile enchantments, unstealthy
A: no striking features
a: no special abilities


You were in the Dungeon.
You were not hungry.

You visited 1 branch You collected 35 gold pieces.

Inventory:

Armour
 a - a +0 robe (worn)
Scrolls
 i - 2 scrolls of blinking
 k - a scroll of recharging {unknown}
 l - a scroll of holy word {unknown}
 m - 3 scrolls of identify
 n - 2 scrolls of remove curse {unknown}
 q - a scroll of torment {unknown}
Potions
 d - a potion of curing
 e - 2 potions of heal wounds
 f - a potion of haste
 g - 2 potions of magic
 h - 2 potions of mutation {unknown}
 p - 4 potions of cure mutation
 r - a potion of flight {unknown}
Books
 b - a book of Flames

   Spells                             Type                      Level
   a - Flame Tongue                   Conjuration/Fire             1
   b - Throw Flame                    Conjuration/Fire             2
   c - Conjure Flame                  Conjuration/Fire             3
   d - Inner Flame                    Hexes/Fire                   3
   e - Sticky Flame                   Conjuration/Fire             4
   f - Fireball                       Conjuration/Fire             5
Comestibles
 c - a bread ration
 j - 2 chunks of flesh
 o - 2 royal jellies


   Skills:
 - Level 2.4 Dodging
 - Level 2.4 Stealth
 + Level 4.8 Spellcasting
 * Level 3.2 Conjurations
 + Level 6.1 Fire Magic


You had 7 spell levels left.
You knew the following spells:

 Your Spells              Type           Power        Failure   Level  Hunger
a - Flame Tongue          Conj/Fire      ###..        1%          1    None
b - Conjure Flame         Conj/Fire      ###.....     8%          3    ##.....


Dungeon Overview and Level Annotations

Branches:
Dungeon (1/1)

Altars:


Message History

You are very lightly contaminated with residual magic.
Nothing appears to happen.
Casting: Conjure Flame
Confirm with . or Enter, or press ? or * to list all spells.
Aiming: Flame Tongue
Press: ? - help, Shift-Dir - straight line, f - water elemental
Aim: a water elemental You miscast Flame Tongue.
Nothing appears to happen.
The water elemental closely misses you.
Casting: Flame Tongue
Confirm with . or Enter, or press ? or * to list all spells.
Aiming: Flame Tongue
Press: ? - help, Shift-Dir - straight line, f/p - water elemental
Aim: a water elemental The flame tongue hits the water elemental.
The water elemental is burned terribly!
The water elemental is moderately damaged.
The water elemental hits you!!
Ouch! That really hurt!
You die...

▓▓▓▓▓▓▓▓ ▓▓▓ <..#...####
##.# ...#......#####..#
..##.......#..#..#
##.##.##...#..#..###+#+#
##.##.###..##'#..#......
#.####.##..###..@E.⌠....
.###..##..####...#...###
#.....##..###....# ⌠.#
###..##...##.....# .#
##..##....#......# #
#..###..##.#.....# #..#
#..#####....# ▓▓▓▓ ▓▓▓▓
▓▓▓▓▓▓


You could see a water elemental.

Vanquished Creatures
  A human (D)
  A wolf (D)
  4 rats (D)
6 creatures vanquished.

Vanquished Creatures (others)
  2 draconian scorchers (D)
2 creatures vanquished.

Grand Total: 8 creatures vanquished

Notes
Turn   | Place    | Note
--------------------------------------------------------------
     0 | D        | Moloch the Deep Elf Fire Elementalist began the quest for the Orb.
     0 | D        | Reached XP level 1. HP: 10/10 MP: 6/6
    49 | D        | Reached skill level 4 in Fire Magic
    79 | D        | Reached skill level 5 in Fire Magic
    79 | D        | Reached XP level 2. HP: 15/15 MP: 0/9
   134 | D        | Killed a white draconian scorcher
   148 | D        | Killed a white draconian scorcher
   163 | D        | Reached skill level 6 in Fire Magic
   163 | D        | Reached XP level 3. HP: 19/19 MP: 9/11
   168 | D        | Learned a level 3 spell: Conjure Flame
   193 | D        | Noticed a water elemental
   196 | D        | Slain by a water elemental

Vault maps used:
D:        dungeon_sprint_mu

Skill      XL: |  1  2 |
---------------+-------+-----
Fire Magic     | 5 6 |  6.1
Spellcasting   | 4 |  4.8
Conjurations   | 2 3 |  3.2
Dodging        | |  2.4
Stealth        | |  2.4

Action                   || total
-------------------------++-------
Melee: Unarmed           ||     2
 Cast: Flame Tongue      ||    13
  Use: Potion            ||     1
Dodge: Dodged            ||     5
